 Dungeon Crawl Stone Soup version 0.25-a0-71-ge910a4a285 (webtiles) character file.

Game seed: 11143292320668647959, levelgen mode: deterministic

45 sazatina the Slasher (level 3, -5/19 HPs)
             Began as a Vine Stalker Fighter on Nov 4, 2019.
             Slain by Sigmund
             ... wielding a +0 scythe of flaming
              (6 damage)
             ... on level 2 of the Dungeon.
             The game lasted 00:02:56 (1559 turns).

sazatina the Slasher (Vine Stalker Fighter)         Turns: 1559, Time: 00:02:57

Health: -5/19      AC:  6    Str: 18    XL:     3   Next: 64%
Magic:  0/1        EV:  7    Int:  8    God:
Gold:   104        SH:  9    Dex: 14    Spells: 2/2 levels left

rFire    . . .     SeeInvis .   m - +2 long sword (antimagic)
rCold    . . .     Gourm    .   c - +0 shield
rNeg     . . .     Faith    .   b - +0 scale mail
rPois    .         Spirit   +   (no helmet)
rElec    .         Reflect  .   (no cloak)
rCorr    .         Harm     .   (no gloves)
MR       .....                  (no boots)
Stlth    ..........             (no amulet)
HPRegen  0.06/turn              g - ring of attention (curse)
MPRegen  0.07/turn              (no ring)

@: no status effects
A: fangs 2, magic shield, antimagic bite, no potion heal 3, rot immunity
a: no special abilities


You were on level 2 of the Dungeon.
You were not hungry.

You visited 1 branch of the dungeon, and saw 2 of its levels.

You collected 104 gold pieces.

Inventory:

Hand Weapons
 m - a +2 antimagic long sword (weapon)
Armour
 b - a +0 scale mail (worn)
 c - a +0 shield (worn)
Jewellery
 g - a cursed ring of attention (left hand)
Scrolls
 a - a scroll of immolation {unknown}
 e - a scroll of identify {unknown}
 i - 2 scrolls of remove curse {unknown}
 k - 2 scrolls of teleportation {unknown}
Potions
 d - a potion of might
 h - a potion of ambrosia {unknown}
 j - a potion of degeneration {unknown}
 l - a potion of lignification {unknown}
Comestibles
 f - 6 rations
 n - 2 chunks of flesh


   Skills:
 - Level 2.6 Fighting
 + Level 3.5 Long Blades
 - Level 2.4 Armour
 - Level 2.6 Shields


You had 2 spell levels left.
You didn't know any spells.
Your spell library was empty.

Dungeon Overview and Level Annotations

Branches:
Dungeon (2/15)

Altars:
Gozag

Annotations:
D:2 Sigmund


Innate Abilities, Weirdness & Mutations

You have extremely sharp teeth.
When hurt, damage is shared between your health and your magic reserves.
Your bite disrupts and absorbs the magic of your enemies.
Potions cannot restore your health.
You are immune to rotting.


Message History

Things that are here:
a +0 dagger; a goblin skeleton Eating one of 3 chunks of flesh.
You eat one of the 3 chunks of flesh.
This raw flesh tastes terrible.
Key pressed, stopping explore.
There is an open door here.
Found a quarterstaff.
You open the door.
A worm comes into view.
There is an open door here.
Sigmund the Dreaded comes into view.
He is wielding a +0 scythe of flaming.
Found a viscous amethyst potion and a scroll labeled ONUD NUK BOG.
Sigmund points at you and mumbles some strange words.
The puff of flame hits you!
* * * LOW HITPOINT WARNING * * *
Sigmund hits you from afar with a +0 scythe of flaming!
Ouch! That really hurt!
* * * LOW HITPOINT WARNING * * *
Sigmund burns you.
You die...

### ####... ..#
###......... ...#
..#.......... ...?#
..#..........######....#
..##.....>...≈.w.......+
..##......(.≈♣≈P..@.!..#
..##.......≈♣≈≈P@#####..
............≈PP......+
.........#######.#####
#...############'#####
#....................#
#..[.#######.........#
#....## #.........#
#.....## #...).....#
.......# #.....#####


You could see Sigmund and a worm.

Vanquished Creatures
  An adder (D:2)
  3 worms (D:2)
  2 leopard geckos (D:2)
  A ball python (D:1)
  5 bats
  2 giant cockroaches (D:2)
  3 goblins (D:2)
  A hobgoblin (D:2)
  3 frilled lizards (D:2)
  A kobold (D:2)
  5 rats
27 creatures vanquished.

Notes
Turn   | Place    | Note
-------+----------+-------------------------------------------
     0 | D:1      | sazatina the Vine Stalker Fighter began the quest for the
                  | Orb.
     0 | D:1      | Reached XP level 1. HP: 11/11 MP: 2/2
    19 | D:1      | Reached skill level 2 in Long Blades
   770 | D:2      | Found an opulent altar of Gozag.
   797 | D:2      | Reached XP level 2. HP: 13/16 MP: 3/3
   989 | D:2      | Reached skill level 3 in Long Blades
  1207 | D:2      | Reached XP level 3. HP: 19/19 MP: 4/4
  1555 | D:2      | Noticed Sigmund
  1559 | D:2      | Slain by Sigmund

Levels and vault maps discovered:
D:1:      onia_arrival_pyramid, layout_basic
D:2:      minmay_razor_zed, layout_basic, serial_bayou_pond_d,
          grunt_gozag_statues, uniq_sigmund

Skill      XL: |  1  2 |
---------------+-------+-----
Long Blades    | 2 3 |  3.5
Fighting       | |  2.6
Armour         | |  2.4
Shields        | |  2.6

Action                   || total
-------------------------++-------
Melee: Long sword        ||    88
       Bite              ||    24
  Eat: Chunk             ||     2
Armor: Scale mail        ||    28
Dodge: Dodged            ||    21
Block: Shield            ||    49
       Rpst.: Long sword ||     5

Table legend:
 A = Non-vault XP
 B = Vault XP
 C = Vault XP percentage of total XP
 D = Non-vault monster count
 E = Vault monster count
 F = Vault count percentage of total count
                 A         B        C        D         E       F
            +---------+---------+-------+---------+---------+-------
      Total |      37 |      28 |  43.1 |      21 |       6 |  22.2
            +---------+---------+-------+---------+---------+-------
        D:1 |       7 |       0 |   0.0 |       5 |       0 |   0.0
        D:2 |      30 |      28 |  48.3 |      16 |       6 |  27.3
            +---------+---------+-------+---------+---------+-------
